 Dungeon Crawl Stone Soup version 0.24.0-10-g970556be89 (webtiles) character file.

Game seed: 9662110251829839236, levelgen mode: deterministic

84 Gumption the Bolt Thrower (level 4, -5/27 HPs)
             Began as a Kobold Hunter on Nov 4, 2019.
             Splashed by a jelly's acid (8 damage)
             ... on level 2 of the Dungeon.
             The game lasted 00:20:17 (2230 turns).

Gumption the Bolt Thrower (Kobold Hunter)           Turns: 2230, Time: 00:20:17

Health: -5/27      AC:  5    Str: 10    XL:     4   Next: 74%
Magic:  4/4        EV: 11    Int: 12    God:
Gold:   68         SH:  7    Dex: 15    Spells: 3/3 levels left

rFire    . . .     SeeInvis .   b - +1 dagger (drain)
rCold    . . .     Gourm    .   o - +0 shield
rNeg     . . .     Faith    .   s - +0 ring mail
rPois    .         Spirit   .   (no helmet)
rElec    .         Reflect  .   (no cloak)
rCorr    .         Harm     .   (no gloves)
MR       .....                  (no boots)
Stlth    ++........             (no amulet)
HPRegen  0.09/turn              (no ring)
MPRegen  0.09/turn              (no ring)

@: no status effects
A: small, carnivore
a: no special abilities


You were on level 2 of the Dungeon.
You were very full.

You visited 1 branch of the dungeon, and saw 2 of its levels.

You collected 68 gold pieces.

Inventory:

Hand Weapons
 a - a +1 hand crossbow
 b - a +1 dagger of draining (weapon)
 f - a +0 hunting sling
Missiles
 d - 37 bolts
 g - 44 stones (quivered)
Armour
 o - a +0 shield (worn)
 s - a +0 ring mail (worn)
Jewellery
 m - an uncursed amulet of faith {unknown}
Scrolls
 h - a scroll of fear {unknown}
 k - a scroll of magic mapping {unknown}
 l - a scroll of amnesia {unknown}
 n - a scroll of remove curse {unknown}
 r - 2 scrolls of teleportation {unknown}
Potions
 i - a potion of might {unknown}
 j - a potion of magic {unknown}
 p - a potion of invisibility {unknown}
 q - 2 potions of agility {unknown}
 t - a potion of cancellation {unknown}
Comestibles
 c - 3 chunks of flesh
 e - 2 rations


   Skills:
 + Level 2.8 Fighting
 * Level 5.7 Crossbows
 - Level 3.0 Dodging
 + Level 3.0 Stealth
 * Level 0.7 Shields


You had 3 spell levels left.
You didn't know any spells.
Your spell library was empty.

Dungeon Overview and Level Annotations

Branches:
Dungeon (2/15)

Altars:


Innate Abilities, Weirdness & Mutations

You are small and have problems with some larger weapons.
You are carnivorous and can eat meat at any time.


Message History

b - a +1 dagger of draining (weapon)
Your shield prevents you from hitting the jelly.
The jelly is moderately wounded.
The jelly hits you.
You are splashed with acid.
You hit the jelly.
Your hands burn!
The jelly is moderately wounded.
The jelly hits you but does no damage.
You hit the jelly.
Your hands burn!
The jelly is heavily wounded.
The jelly misses you. The jelly barely misses you.
You hit the jelly.
Your hands burn!
The jelly is severely wounded.
The jelly hits you but does no damage.
You hit the jelly.
Your hands burn!
* * * LOW HITPOINT WARNING * * *
The jelly is almost dead.
The jelly hits you.
* * * LOW HITPOINT WARNING * * *
You are splashed with acid!
You die...

############################## #
#............@J............... #
#.##################.#.####### #
#.#....# #.#.# ####.#.##.######
#.#.# #..............# #...#
#.##......####.########...#######
#................................
#..............########..#...####
..........##...########..#...#


You could see a jelly.

Vanquished Creatures
  An adder (D:2)
  A worm (D:2)
  4 dart slugs
  A leopard gecko (D:2)
  6 giant cockroaches
  8 goblins
  6 hobgoblins
  7 jackals
  7 kobolds
  9 bats
  4 frilled lizards
  3 rats
57 creatures vanquished.

Notes
Turn   | Place    | Note
-------+----------+-------------------------------------------
     0 | D:1      | Gumption the Kobold Hunter began the quest for the Orb.
     0 | D:1      | Reached XP level 1. HP: 12/12 MP: 1/1
   306 | D:1      | Reached skill level 5 in Crossbows
   306 | D:1      | Reached XP level 2. HP: 18/18 MP: 2/2
   434 | D:1      | Reached XP level 3. HP: 12/22 MP: 3/3
  1283 | D:2      | Reached XP level 4. HP: 27/27 MP: 4/4
  2230 | D:2      | Splashed by a jelly's acid

Levels and vault maps discovered:
D:1:      onia_arrival_pyramid, layout_basic
D:2:      layout_basic, uniq_jessica, uniq_crazy_yiuf_cottage

Skill      XL: |  1  2  3  4 |
---------------+-------------+-----
Crossbows      | 5 |  5.7
Stealth        | 2 3 |  3.0
Dodging        | 3 |  3.0
Fighting       | |  2.8
Shields        | |  0.7

Action                   |  1- 3 |  4- 6 || total
-------------------------+-------+-------++-------
Melee: Short sword       |    39 |       ||    39
       Dagger            |     8 |    65 ||    73
 Fire: Hand crossbow     |    39 |    10 ||    49
Throw: Stone             |     6 |     7 ||    13
 Stab: Sleeping          |     1 |     3 ||     4
  Eat: Chunk             |     9 |     3 ||    12
Armor: Leather armour    |     9 |     4 ||    13
       Ring mail         |       |    18 ||    18
Dodge: Dodged            |    47 |    23 ||    70
Block: Shield            |     3 |    23 ||    26
